woodfighter, chaotic female elven Rogue --- --- ------------------ --- --.--- |.|---|................|--------------|.-- |....--- |.|...|................|`%*|..|...|...|..| |......| |.|...-..--|--.........|)/!|..|...|...|..| -- --- |......|------.|...|..|...|..-----..|...|..|-|---|--..----- .- ---.----.---.--.--...-----..|...|--- |..--|---.-.........|......... |....| --- |........).......|...| +..%..........-----.....- |....| |................|---- |......--|-...| |....-- |.|.-- ---.......----...| -..{...|%.|...+ |....------ - |.|-- ----------.--.|..-)..| ........|..|...| |.@.........| |.| |..|.|.-----|.|..|...| -.....---+-------------.|......---- |.| ---.......-----.----...--+-- |..-+-|.........................| |.| |.................|........| |. ----- --------.....u..-| |.| --......--------...|..#.....---- | |..---.@..-- |.| |..<...............|-...%%........| |.. |.....| |.| |.....----------.%.--..|....#.....- |.. --...-- |.----..--- |.......|-............ ---- --..-- |.......| |.......|--............... |...-- |..------ ---...--- ------ |...----- |....| ---- --... - .| ---.-- ----- -- --- woodfighter the Rogue Experience level: 8 Strength: 18 Dexterity: 18 Constitution: 15 Intelligence: 11 Wisdom: 9 Charisma: 10 Health: 0(55) Energy: 31(31) Def: 12 Gold: 0 Moves: 8154 Dungeon seed: bh0CmawDoV3NmFdg Game ID: woodfighter_1515569416 Your Inventory: Weapons a - a blessed +6 long sword named Sword of Truth (weapon in hand) b - 14 +0 elven daggers (in quiver) Armor d - an uncursed +0 elven shield (being worn) e - an uncursed +0 dwarvish cloak g - an uncursed +2 mummy wrapping (being worn) n - an uncursed +0 orcish helm (being worn) r - an uncursed +0 elven mithril-coat (being worn) N - an uncursed +0 pair of iron shoes (being worn) Comestibles f - 2 uncursed tripe rations l - an uncursed lichen corpse o - 3 uncursed carrots w - 2 uncursed candy bars x - an uncursed sprig of wolfsbane M - 3 uncursed eggs T - 3 uncursed magic beans V - an uncursed orange Z - an uncursed lizard corpse Rings P - a blessed +1 ring of protection (on left hand) Wands O - a wand of magic missile (0:3) Tools q - a +0 unicorn horn s - an uncursed bag of holding y - an uncursed lock pick K - an uncursed blindfold Contents of the bag of holding: 35 gold pieces 3 [blessed] [+2] daggers named Dagger of Glory a [uncursed] [+0] dwarvish cloak a [uncursed] [+0] dwarvish cloak a [uncursed] [+0] dwarvish cloak a [blessed] [+1] dwarvish mithril-coat 5 uncursed food rations a [uncursed] scroll of identify a [uncursed] scroll of light a [uncursed] scroll of scare monster a [uncursed] scroll of water a [uncursed] spellbook of detect monsters a [uncursed] potion of levitation a [uncursed] potion of object detection a [uncursed] potion of sickness a [uncursed] potion of speed a [uncursed] wand of slow monster [0:0] a [uncursed] wand of speed monster [0:6] a [uncursed] can of grease [0:21] a [uncursed] tallow candle [0:200] Spells and supernatural/magical abilities: Name Level Category Fail Memory W - pray for help -- divine ? -- Your skills at the end: Miscellaneous Skills wands [Basic] Weapon Skills dagger [Basic] short sword [Basic] long sword [Basic] Spellcasting Skills Final Attributes: You were piously aligned. You were sleep resistant. You were poison resistant. Your writing hand was ok. You had infravision. You were stealthy. You were protected. You are dead. Vanquished creatures: 2 giant mimics a small mimic an ettin zombie a giant beetle a leprechaun a lizard a gnome king 2 orc mummies a dog a dingo a housecat a blue jelly a white unicorn a gnome mummy 3 apes 5 bugbears a rock mole a fog cloud 3 shriekers 3 gnome lords 3 gnomish wizards a kobold mummy 2 guardian naga hatchlings a gray ooze a ghoul a straw golem 5 giant ants 2 floating eyes 2 kittens 7 dwarves 2 homunculi 4 iguanas 2 hill orcs a rothe a rabid rat 3 centipedes 2 jitterbugs a giant bat a monkey 4 orc zombies a dwarf zombie a wererat a coyote 2 gas spores a hobbit 3 acid blobs 4 large kobolds 6 geckos 5 hobgoblins 9 giant rats 2 cave spiders a brown mold 2 yellow molds 3 green molds 2 red molds 24 gnomes 3 garter snakes 4 manes 4 gnome zombies 9 jackals a fox 2 kobolds 5 newts 5 goblins 5 sewer rats 8 grid bugs 7 bats 9 lichens 3 kobold zombies 210 creatures vanquished. Voluntary challenges: You did not cause conflict. You were not invisible. You did not have reflection. You were not displaced. You used a wielded weapon 233 times, starting on turn 58. You did not use plumbed fixtures. You did not drink any magical draughts. You read items or engraved 1 time, starting on turn 3877. You never genocided any monsters. You never polymorphed an object. You never changed form. You completed Sokoban on turn 6613, according to the rules. You used no wishes. You never split a pudding. You never wrote Elbereth's name. You never violated your personal moral code. Dungeon overview: The Dungeons of Doom: levels 1 to 7 Level 1 an altar to Issek, a fountain a long staircase Level 2 a fountain Level 3 Level 4 a general store, some fountains stairs to The Gnomish Mines Level 5 a fountain Level 6 many fountains Level 7 stairs to Sokoban The Gnomish Mines: levels 5 to 7 Level 5 stairs to The Dungeons of Doom Level 6 Level 7 <- You were here a general store, some fountains, some trees Sokoban: levels 3 to 6 Level 3 a magic chest Level 4 Level 5 Level 6 an altar to Mog, a magic chest stairs to The Dungeons of Doom History has recorded: On T:1 you entered the Dungeons of Doom to retrieve the Amulet of Yendor! On T:231 you reached level 2 of The Dungeons of Doom. On T:401 you advanced to experience level 2. On T:727 you reached level 3 of The Dungeons of Doom. On T:816 you advanced to experience level 3. On T:860 you reached level 4 of The Dungeons of Doom. On T:1172 you reached level 1 of The Gnomish Mines. On T:1199 you prayed to Kos. On T:1230 you advanced to experience level 4. On T:1389 you reached level 5 of The Dungeons of Doom. On T:1609 you advanced to experience level 5. On T:1899 you advanced to experience level 6. On T:2750 you reached level 6 of The Dungeons of Doom. On T:3575 you reached level 7 of The Dungeons of Doom. On T:3661 you reached level 4 of Sokoban. On T:3664 you advanced to experience level 7. On T:3872 you opened a magic chest. On T:4219 you reached level 3 of Sokoban. On T:4891 you reached level 2 of Sokoban. On T:5587 you reached level 1 of Sokoban. On T:6613 you advanced to experience level 8. On T:6613 you entered the Sokoban zoo. On T:7178 you reached level 2 of The Gnomish Mines. On T:7717 you reached level 3 of The Gnomish Mines. Score breakdown: Gold: 35 ( 3 points) Experience: 8 levels ( 700 points) Exploration: 7 levels ( 180 points) Discoveries: 22 items ( 1100 points) Variety of kills: 69 monsters ( 2000 points) Major goal: finished Sokoban ( 1000 points) Survival: died (score multiplied by 3) Total score: 14949 Latest messages: You see here a wand of light (133 zorkmids). You see here a food ration (60 zorkmids). You see here 9 arrows (27 zorkmids). The door resists! This door is locked. You succeed in picking the lock. The door opens. You kill the gnome! You see here a gnome corpse. The door opens. (2x) You are beginning to feel hungry. You stop exploring. This lichen corpse tastes terrible! You hear the chime of a cash register. You stop eating. You finish eating the lichen corpse. The white unicorn butts! The white unicorn misses. The white unicorn butts! The white unicorn kicks! The white unicorn misses. (2x) The white unicorn butts! The white unicorn kicks! You die... Final status: Goodbye woodfighter the Rogue, killed by a white unicorn... You died in The Gnomish Mines on dungeon level 7 with 14949 points, and 35 pieces of gold, after 8154 moves. You were level 8 with a maximum of 55 hit points when you died.